 Dungeon Crawl Stone Soup version 0.21-a0-517-gd76cfe0 (webtiles) character file.

135 slep the Chopper (level 5, 0/43 HPs)
             Began as a Barachi Monk on Dec 3, 2017.
             Slain by a kobold
             ... wielding a +0 club
              (2 damage)
             ... on level 3 of the Dungeon.
             The game lasted 00:06:03 (1661 turns).

slep the Chopper (Barachi Monk)                     Turns: 1661, Time: 00:06:04

Health: 0/43       AC:  9    Str: 13    XL:     5   Next: 18%
Magic:  5/5        EV: 10    Int: 11    God:
Gold:   55         SH:  0    Dex: 14    Spells: 4/4 levels left

rFire    . . .     SeeInvis .   a - +0 hand axe
rCold    . . .     Gourm    .   (no shield)
rNeg     . . .     Faith    .   d - +0 scale mail
rPois    .         Spirit   .   l - +2 helmet
rElec    .         Reflect  .   (no cloak)
rCorr    .         Harm     .   (no gloves)
MR       .....     Rnd*Tele +   (no boots)
Stlth    ..........             (no amulet)
HPRegen  0.14/turn              m - ring of teleportation (curse)
MPRegen  0.09/turn              q - ring of loudness (curse)

@: slow
A: +LOS, swims, slowness 1, strong legs 1
a: Hop


You were on level 3 of the Dungeon.
You were hungry.

You visited 1 branch of the dungeon, and saw 3 of its levels.

You collected 55 gold pieces.

Inventory:

Hand Weapons
 a - a +0 hand axe (weapon)
Armour
 b - a +0 robe
 d - a +0 scale mail (worn)
 l - a +2 helmet (worn)
Jewellery
 m - a cursed ring of teleportation (left hand)
 q - a cursed ring of loudness (right hand)
Scrolls
 e - 6 scrolls of identify {unknown}
 f - a scroll of magic mapping {unknown}
 h - a scroll of enchant weapon {unknown}
 i - a scroll of remove curse {unknown}
Potions
 g - a potion of cancellation {unknown}
 j - a potion of berserk rage {unknown}
 k - a potion of mutation {unknown}
 n - a potion of curing {unknown}
 p - a potion of ambrosia {unknown}
 s - a potion of flight {unknown}
Comestibles
 c - 3 bread rations
 o - 2 meat rations
 r - a royal jelly


   Skills:
 + Level 4.6 Fighting
 + Level 4.8 Axes
 + Level 1.8 Armour
 + Level 3.9 Dodging
 + Level 1.9 Stealth


You had 4 spell levels left.
You didn't know any spells.

Dungeon Overview and Level Annotations

Branches:
Dungeon (3/15)

Altars:


Innate Abilities, Weirdness & Mutations

Shadows flee at your approach. (+LOS)
You can swim through water.
You cover ground slowly.
You can hop short distances.


Message History

You hit the kobold but do no damage. The kobold hits you but does no damage.
The orc priest looks braver for a moment.
Your scale mail prevents you from hitting the orc priest.
The orc priest is almost dead.
You miss the kobold. The kobold hits you with a club.
* * * LOW HITPOINT WARNING * * *
The orc priest hits you but does no damage.
You closely miss the orc priest.
The orc priest is almost dead.
You completely miss the kobold. The kobold hits you but does no damage.
The orc priest hits you but does no damage.
You barely miss the orc priest.
The orc priest is almost dead.
You closely miss the kobold. The kobold misses you.
The orc priest hits you but does no damage.
You hit the orc priest.
You kill the orc priest!
You have reached level 5!
You closely miss the kobold. The kobold hits you with a club.
You die...

...#########
...'..lK@..#
...#...)...#
#########


You could see a kobold and a frilled lizard.

Vanquished Creatures
  An orc priest (D:3)
  Jessica (D:2)
  An adder (D:2)
  2 worms (D:2)
  3 dart slugs
  A leopard gecko (D:1)
  2 orcs (D:3)
  7 giant cockroaches
  7 goblins
  5 hobgoblins
  7 kobolds
  A quokka (D:2)
  A ball python (D:2)
  6 bats
  2 frilled lizards (D:2)
  7 rats
54 creatures vanquished.

Notes
Turn   | Place    | Note
-------+----------+-------------------------------------------
     0 | D:1      | slep the Barachi Monk began the quest for the Orb.
     0 | D:1      | Reached XP level 1. HP: 18/18 MP: 1/1
   199 | D:1      | Reached XP level 2. HP: 22/25 MP: 2/2
   458 | D:1      | Reached XP level 3. HP: 29/30 MP: 3/3
   845 | D:2      | Noticed Jessica
   856 | D:2      | Killed Jessica
   856 | D:2      | Reached XP level 4. HP: 29/37 MP: 4/4
  1048 | D:2      | Reached skill level 1 in Armour
  1661 | D:3      | Reached XP level 5. HP: 2/43 MP: 5/5
  1661 | D:3      | Slain by a kobold

Vault maps used:
D:1:      evilmike_arrival_rings
D:2:      uniq_jessica
D:3:      minmay_goblin_kobold_castle, first_bread

Skill      XL: |  1  2  3  4 |
---------------+-------------+-----
Fighting       | 4 |  4.6
Axes           | 4 |  4.8
Armour         | 1 |  1.8
Dodging        | |  3.9
Stealth        | |  1.9

Action                   |  1- 3 |  4- 6 || total
-------------------------+-------+-------++-------
Melee: Hand axe          |    86 |   121 ||   207
  Eat: Chunk             |       |     3 ||     3
Armor: Scale mail        |    54 |    86 ||   140
Dodge: Dodged            |    59 |    65 ||   124

Table legend:
 A = Spawn XP
 B = Non-spawn XP
 C = Spawn XP percentage of total XP
 D = Spawn monster count
 E = Non-spawn monster count
 F = Spawn count percentage of total count
 G = Total turns spent on level
                    A         B        C        D         E        F      G
               +---------+---------+-------+---------+---------+-------+---------
         Total |       0 |     194 |   0.0 |       0 |      54 |   0.0 |  1661
               +---------+---------+-------+---------+---------+-------+---------
           D:1 |       0 |      44 |   0.0 |       0 |      22 |   0.0 |   840
           D:2 |       0 |      91 |   0.0 |       0 |      22 |   0.0 |   745
           D:3 |       0 |      59 |   0.0 |       0 |      10 |   0.0 |    76
               +---------+---------+-------+---------+---------+-------+---------
